 Dungeon Crawl Stone Soup version 0.29-a0-730-g5686a2c4f1 (webtiles) character file.

Game seed: 2980748744149535292

0 mdonais the Shooter (level 1, -1/14 HPs)
             Began as an Octopode Hunter on June 28, 2022.
             Slain by an endoplasm (2 damage)
             ... on level 1 of the Dungeon on June 29, 2022.
             The game lasted 00:02:47 (76 turns).

mdonais the Shooter (Octopode Hunter)                 Turns: 76, Time: 00:02:48

Health: -1/14      AC:  1    Str: 10    XL:     1   Next: 10%
Magic:  1/1        EV: 13    Int: 11    God:
Gold:   23         SH:  0    Dex: 15    Spells: 0/0 levels left

rFire   . . .      SeeInvis .   (no weapon)
rCold   . . .      Faith    .   (no shield)
rNeg    . . .      Spirit   .   (helmet restricted)
rPois   .          Reflect  .   (no amulet)
rElec   .          Harm     .   (no ring)
rCorr   .          Rampage  .   (no ring)
Will    .....                   (no ring)
Stlth   +++.......              (no ring)
HPRegen 0.04/turn               (no ring)
MPRegen 0.07/turn               (no ring)
                                (no ring)
                                (no ring)

@: attractive
A: almost no armour, amphibious, 8 rings, camouflage 1, gelatinous body 1,
(nimble swimmer 1), tentacles
a: no special abilities


You were on level 1 of the Dungeon.
You visited 1 branch of the dungeon, and saw 1 of its levels.

You collected 23 gold pieces.

Inventory:

Scrolls
 b - a scroll of immolation


   Skills:
 + Level 2.0 Fighting
 + Level 4.0 Ranged Weapons
 - Level 2.0 Dodging
 + Level 1.4 Stealth


You couldn't memorise any spells.
You didn't know any spells.
Your spell library was empty.

Dungeon Overview and Level Annotations

Branches:
Dungeon (1/15) Zot: 5922

Altars:


Innate Abilities, Weirdness & Mutations

You cannot wear most types of armour.
You are amphibious.
You can wear up to eight rings at the same time.
Your skin changes colour to match your surroundings (Stealth+).
Your rubbery body absorbs attacks. (AC +1, EV +1)
((You are camouflaged when in or above water. (Stealth+)))
You have tentacles for arms and can constrict up to eight enemies at once.


Message History

Welcome, mdonais the Octopode Hunter.
Below lies the Orb of Zot, rumoured to be powerful enough to resurrect a god...
Press ? for a list of commands and other information.
Welcome back, mdonais the Octopode Hunter.
Press ? for a list of commands and other information.
You open the door.
Found 15 gold pieces.
There is an open door here.
Found a glowing puce potion.
c - a glowing puce potion A bat comes into view.
You shoot a +0 shortbow.
The +0 shortbow hits the bat but does no damage.
You are now empty-tentacled.
The bat misses you.
You closely miss the bat. Your grab misses the bat. You squeeze the bat.
You kill the bat!
No target in view!
You now have 15 gold pieces.
a - a +0 shortbow
a - a +0 shortbow (weapon)
No target in view!
You now have 23 gold pieces (gained 8).
An endoplasm comes into view.
You shoot a +0 shortbow.
The +0 shortbow hits the endoplasm but does no damage.
The endoplasm quivers.
You are now empty-tentacled.
Saving game... please wait.
Welcome back, mdonais the Octopode Hunter.
Press ? for a list of commands and other information.
The endoplasm freezes you.
You are frozen.
You take 3 damage, and have 11/14 hp.
MASSIVE DAMAGE!!
You tentacle-slap the endoplasm but do no damage.
The endoplasm freezes you.
You are frozen.
You take 1 damage, and have 10/14 hp.
You tentacle-slap the endoplasm.
The endoplasm is lightly wounded.
The endoplasm freezes you.
You are frozen.
You take 1 damage, and have 9/14 hp.
You tentacle-slap the endoplasm.
The endoplasm is moderately wounded.
The endoplasm closely misses you.
You tentacle-slap the endoplasm but do no damage.
The endoplasm is moderately wounded.
The endoplasm hits you.
You take 2 damage, and have 7/14 hp.
You are too injured to fight recklessly!
You are too injured to fight recklessly!
You are too injured to fight recklessly!
You tentacle-slap the endoplasm but do no damage.
The endoplasm is moderately wounded.
The endoplasm freezes you.
You are frozen.
* * * LOW HITPOINT WARNING * * *
You take 3 damage, and have 4/14 hp.
MASSIVE DAMAGE!!
You tentacle-slap the endoplasm.
The endoplasm is heavily wounded.
The endoplasm hits you.
* * * LOW HITPOINT WARNING * * *
You take 2 damage, and have 2/14 hp.
It was a potion of attraction.
You feel attractive to monsters. The endoplasm hits you.
* * * LOW HITPOINT WARNING * * *
You take 1 damage, and have 1/14 hp.
Okay, then.
You tentacle-slap the endoplasm.
The endoplasm is severely wounded.
The endoplasm hits you.
You die...

###.##...#.###
##..........# #
#....####.#####
####.####.###..
#...........
##.####...##'
##########..#
#....#..
#..........##
######.8
#....@.....#
#..
#.?.J......#
#..
#..........#
###
#).........#
#..........#
######.#####
#.# #.#


You could see an endoplasm.

Vanquished Creatures
  A bat (D:1)
1 creature vanquished.

Notes
Turn   | Place    | Note
-------+----------+-------------------------------------------
     0 | D:1      | mdonais the Octopode Hunter began the quest for the Orb.
     0 | D:1      | Reached XP level 1. HP: 14/14 MP: 1/1
    66 | D:1      | Upgraded the game from 0.29-a0-723-gce39da1c22 to
                  | 0.29-a0-730-g5686a2c4f1
    76 | D:1      | Slain by an endoplasm

Illustrated notes

Levels and vault maps discovered:
D:1:      sevenhm_arrival_forest_fort_small_6, layout_rooms,
          basic_ecumenical_altar

Action                   || total
-------------------------++-------
Melee: Unarmed           ||     8
       Tentacles         ||     1
 Fire: Shortbow          ||     2
  Use: Potion            ||     1
Dodge: Dodged            ||     2

Table legend: (Time is in decaauts)
 A = Elapsed time spent in this place.
 B = Non-inter-level travel time spent in this place.
 C = Inter-level travel time spent in this place.
 D = Time resting spent in this place.
 E = Time spent auto-exploring this place.
 F = Levels seen in this place.
 G = Mean time per level.
                   A        B        C        D        E       F      G
               +--------+--------+--------+--------+--------+-----+--------+
         Total |     76 |     76 |      0 |      0 |     38 |   1 |   76.0 |
       Dungeon |     76 |     76 |      0 |      0 |     38 |   1 |   76.0 |
               +--------+--------+--------+--------+--------+-----+--------+

Top non-repeatable levels by time:
     D:1: 76 daAuts
